 Dungeon Crawl Stone Soup version 0.18.1-48-g4cf74bf (webtiles) character file.

1801 Joat the Basher (level 9, -1/47 HPs)
             Began as a Vine Stalker Fighter on Aug 17, 2016.
             Was an Initiate of Makhleb.
             Slain by UnlimitedFusion's ghost (3 damage)
             ... on level 6 of the Dungeon.
             The game lasted 00:28:07 (4691 turns).

Joat the Basher (Vine Stalker Fighter)              Turns: 4691, Time: 00:28:08

Health: -1/47      AC:  9    Str: 14    XL:     9   Next: 9%
Magic:  0/1        EV:  9    Int: 20    God:    Makhleb [......]
Gold:   292        SH: 11    Dex: 21    Spells: 0 memorised, 8 levels left

rFire  . . .     SeeInvis +     C - +9 whip "Asudet" {speed, rN++ MP-9 SInv}
rCold  + . .     Gourm    .     E - +0 chain mail
rNeg   + + .     Faith    .     c - +1 shield
rPois  .         Spirit   +     r - +0 helmet
rElec  .         Dismiss  .     (no cloak)
rCorr  .         Reflect  .     (no gloves)
SustAt .         Harm     .     (no boots)
MR     +....                    (no amulet)
Stlth  ..........               A - ring of Eternity {Str-5 Int+9 Dex+2}
                                D - ring of protection from cold

@: agile, somewhat resistant to hostile enchantments, extremely unstealthy
A: fangs 3, regeneration 2, magic shield, antimagic bite, no device heal 3, rot
immunity
a: Renounce Religion


You were on level 6 of the Dungeon.
You worshipped Makhleb.
Makhleb was noncommittal.
You were hungry.

You visited 2 branches of the dungeon, and saw 7 of its levels.

You collected 292 gold pieces.

Inventory:

Hand Weapons
 a - a +0 flail
 b - a +3 hunting sling of evasion
 C - the +9 whip "Asudet" (weapon) {speed, rN++ MP-9 SInv}
   (You found it on level 5 of the Dungeon)

   Attacks with this weapon are significantly faster.
   It greatly protects you from negative energy.
   It affects your magic capacity (-9).
   It lets you see invisible.
Missiles
 i - 16 sling bullets
 n - 241 stones (quivered)
Armour
 c - a +1 shield (worn)
 r - a +0 helmet (worn)
 y - a +0 buckler
 E - a +0 chain mail (worn)
Jewellery
 A - the ring of Eternity (right hand) {Str-5 Int+9 Dex+2}
   (You found it on level 6 of the Dungeon)

   [ring of dexterity]

   It affects your strength (-5).
   It affects your intelligence (+9).
   It affects your dexterity (+2).
 D - a ring of protection from cold (left hand)
Wands
 m - a wand of slowing (20/48)
 v - a wand of digging (8/24)
Scrolls
 e - 3 scrolls of teleportation
 h - 3 scrolls of identify
 k - 3 scrolls of magic mapping
 l - 2 scrolls of enchant weapon
 s - 2 scrolls of fog
 x - 2 scrolls of enchant armour
Potions
 d - 2 potions of might
 o - 3 potions of ambrosia {unknown}
 q - 4 potions of curing {unknown}
 t - 2 potions of flight {unknown}
 u - 2 potions of lignification {unknown}
 w - a potion of haste
Comestibles
 f - 4 bread rations
 j - 4 meat rations
 z - a beef jerky


   Skills:
 + Level 5.5 Fighting
 * Level 8.5 Maces & Flails
 - Level 2.4 Armour
 + Level 4.8 Shields
 + Level 0.8 Invocations


You had 8 spell levels left.
You didn't know any spells.

Dungeon Overview and Level Annotations

Branches:
Dungeon (6/15)             Temple (1/1) D:5

Altars:
Ashenzari
Cheibriados
Dithmenos
Elyvilon
Fedhas
Gozag
Makhleb
Nemelex Xobeh
Okawaru
Pakellas
Ru
Sif Muna
Trog
Vehumet
Xom
Yredelemnul
The Shining One

Annotations:
D:6 UnlimitedFusion's ghost, novice FoFi


Innate Abilities, Weirdness & Mutations

You have razor-sharp teeth.
You heal very quickly.
When hurt, damage is shared between your health and your magic reserves.
Your bite disrupts and absorbs the magic of your enemies.
Potions and wands cannot restore your health.
You are immune to rotting.


Message History

UnlimitedFusion's ghost is almost destroyed.
UnlimitedFusion's ghost hits you!
* * * LOW HITPOINT WARNING * * *
UnlimitedFusion's ghost freezes you.
* * * LOW HITPOINT WARNING * * *
Drink which item? (? for menu, Esc to quit)
Okay, then.
Evoke which item? (* to show all) (? for menu, Esc to quit)
Zapping:
v - a wand of digging {zapped: 3} (will waste charges)
Press: ? - help, Shift-Dir - straight line, f - UnlimitedFusion's ghost
Aim: UnlimitedFusion's ghost, wielding a weapon of freezing (almost destroyed)
The rock shatters into small pieces.
Evoking this partially-identified wand wasted a few charges.
UnlimitedFusion's ghost hits you but does no damage.
Evoke which item? (* to show all) (? for menu, Esc to quit)
Okay, then.
Drink which item? (? for menu, Esc to quit)
You feel agile all of a sudden. UnlimitedFusion's ghost hits you.
You die...

..>#.#####.#.#
...#.# #.#
##.#.. #.#
#.###. #.# ..#
.# #.##### ###
# #.....#
#####.# #.#
#@# #W#
........#
#####.### #.#
#.# #.# #.# .#


You could see UnlimitedFusion's ghost.

Vanquished Creatures
  Duvessa (D:4)
  A sky beast (D:6)
  The ghost of ceb the Skirmisher, an amateur MiBe of Trog (D:3)
  A necrophage (D:6)
  2 ogres (D:5)
  2 ice beasts
  A giant frog (D:6)
  Dowan (D:4)
  3 scorpions (D:4)
  5 wights (D:6)
  2 giant frog zombies (D:5)
  2 crimson imps (D:5)
  A hound (D:4)
  2 orc priests
  2 jellies (D:6)
  3 orc wizards (D:4)
  2 iguanas
  A worker ant (D:4)
  A hound skeleton (D:4)
  6 adders
  3 oozes
  An adder skeleton (D:5)
  A dart slug (D:2)
  7 giant geckos
  10 orcs
  A ball python (D:2)
  5 giant cockroaches
  4 hobgoblins
  7 jackals
  2 quokkas
  5 bats
  6 giant newts
  9 goblins
  6 kobolds
  A quokka zombie (D:6)
  10 rats
  A spectral orc (D:4)
119 creatures vanquished.

Notes
Turn   | Place    | Note
--------------------------------------------------------------
     0 | D:1      | Joat the Vine Stalker Fighter began the quest for the Orb.
     0 | D:1      | Reached XP level 1. HP: 11/11 MP: 2/2
    53 | D:1      | Reached skill level 2 in Maces & Flails
   207 | D:1      | Reached XP level 2. HP: 12/16 MP: 0/3
   497 | D:1      | Reached skill level 3 in Maces & Flails
   625 | D:2      | Reached XP level 3. HP: 19/19 MP: 4/4
   724 | D:2      | Found a white marble altar of Elyvilon.
  1152 | D:2      | Reached XP level 4. HP: 19/23 MP: 2/5
  1169 | D:2      | Found a shadowy altar of Dithmenos.
  1373 | D:2      | Reached skill level 4 in Maces & Flails
  1821 | D:3      | Reached XP level 5. HP: 27/27 MP: 6/6
  1891 | D:3      | Noticed ceb's ghost (amateur MiBe)
  2067 | D:4      | Found a basalt altar of Yredelemnul.
  2127 | D:4      | Noticed Dowan
  2128 | D:4      | Noticed Duvessa
  2173 | D:3      | Killed ceb's ghost
  2173 | D:3      | Reached skill level 5 in Maces & Flails
  2386 | D:4      | Found a deep blue altar of Sif Muna.
  2459 | D:4      | Gained mutation: You heal very quickly. [Vine Stalker growth]
  2459 | D:4      | Reached XP level 6. HP: 32/32 MP: 7/7
  2533 | D:4      | Killed Duvessa
  2542 | D:4      | Killed Dowan
  2542 | D:4      | Reached skill level 6 in Maces & Flails
  2742 | D:4      | Reached XP level 7. HP: 14/37 MP: 8/8
  2931 | D:4      | Found a snail-covered altar of Cheibriados.
  3254 | D:5      | Entered Level 5 of the Dungeon
  3317 | D:5      | Reached skill level 7 in Maces & Flails
  3317 | D:5      | Gained mutation: You have razor-sharp teeth. [Vine Stalker growth]
  3317 | D:5      | Reached XP level 8. HP: 41/42 MP: 7/9
  3531 | D:5      | Got a translucent whip
  3532 | D:5      | Identified the +9 whip "Asudet" {speed, rN++ MP-9 SInv} (You found it on level 5 of the Dungeon)
  3728 | D:5      | Found an opulent altar of Gozag.
  3910 | D:5      | Found a staircase to the Ecumenical Temple.
  3919 | Temple   | Entered the Ecumenical Temple
  3936 | Temple   | Became a worshipper of Makhleb the Destroyer
  4214 | D:6      | Reached skill level 5 in Fighting
  4218 | D:6      | Reached skill level 8 in Maces & Flails
  4421 | D:6      | Reached XP level 9. HP: 44/47 MP: 1/10
  4439 | D:6      | Got a heavily runed iron ring
  4441 | D:6      | Identified the ring of Eternity {Str-5 Int+9 Dex+2} (You found it on level 6 of the Dungeon)
  4676 | D:6      | Noticed UnlimitedFusion's ghost (novice FoFi)
  4688 | D:6      | HP: 1/47 [UnlimitedFusion's ghost (3)]
  4691 | D:6      | Slain by UnlimitedFusion's ghost

Skill      XL: |  1  2  3  4  5  6  7  8 |
---------------+-------------------------+-----
Maces & Flails | 2 3 4 5 6 7 8 |  8.5
Fighting       | 3 4 5 |  5.5
Shields        | 3 4 |  4.8
Armour         | |  2.4
Invocations    | |  0.8

Action                   |  1- 3 |  4- 6 |  7- 9 || total
-------------------------+-------+-------+-------++-------
Melee: Flail             |   119 |    45 |    87 ||   251
       Bite              |    23 |    12 |    62 ||    97
       Whip              |       |       |   103 ||   103
 Fire: Hunting sling     |     6 |   131 |     8 ||   145
Evoke: Wand              |       |       |     1 ||     1
  Use: Scroll            |       |     6 |     2 ||     8
       Potion            |       |     2 |     1 ||     3
  Eat: Chunk             |     1 |     4 |     4 ||     9
       Beef jerky        |       |     1 |       ||     1
       Pizza             |       |       |     1 ||     1
Armor: Scale mail        |    66 |    51 |    29 ||   146
       Chain mail        |       |       |    18 ||    18
       Ring mail         |       |       |     1 ||     1
Dodge: Dodged            |    75 |    81 |    35 ||   191
Block: Buckler           |       |     3 |    18 ||    21
       Shield            |       |       |    29 ||    29
